 Dungeon Crawl Stone Soup version 0.25-a0-591-g2ad0d86 (webtiles) character file.

Game seed: 3957040266758789108, levelgen mode: deterministic

465 MrTaco21 the Cudgeler (level 7, 0/41 HPs)
             Began as a Gargoyle Fighter on Mar 14, 2020.
             Slain by an ogre
             ... wielding a +0 giant club
              (11 damage)
             ... on level 5 of the Dungeon.
             The game lasted 00:05:21 (3723 turns).

MrTaco21 the Cudgeler (Gargoyle Fighter)            Turns: 3723, Time: 00:05:22

Health: 0/41       AC: 12    Str: 21    XL:     7   Next: 8%
Magic:  7/7        EV:  7    Int:  9    God:
Gold:   143        SH:  9    Dex:  9    Spells: 6/6 levels left

rFire    + . .     SeeInvis .   a - +0 flail
rCold    . . .     Gourm    .   c - +0 kite shield
rNeg     + . .     Faith    .   b - +0 scale mail
rPois    ∞         Spirit   .   o - +0 helmet
rElec    +         Reflect  .   (no cloak)
rCorr    .         Harm     .   (no gloves)
MR       .....                  (no boots)
Stlth    ..........             (no amulet)
HPRegen  0.13/turn              i - ring of protection from fire
MPRegen  0.10/turn              (no ring)

@: no status effects
A: negative energy resistance 1, electricity resistance, unbreathing,
petrification resistance, rot immunity, AC +4
a: no special abilities


You were on level 5 of the Dungeon.
You were very hungry.

You visited 1 branch of the dungeon, and saw 5 of its levels.

You collected 143 gold pieces.

Inventory:

Hand Weapons
 a - a +0 flail (weapon)
Missiles
 q - a throwing net (quivered) {!f}
Armour
 b - a +0 scale mail (worn)
 c - a +0 kite shield (worn)
 o - a +0 helmet (worn)
   (You took it off Robin on level 3 of the Dungeon)
Jewellery
 i - a ring of protection from fire (left hand)
   (You found it on level 4 of the Dungeon)
Wands
 f - a wand of scattershot (2)
   (You took it off an orc on level 3 of the Dungeon)
Scrolls
 g - 6 scrolls of identify {unknown}
 j - a scroll of enchant armour {unknown}
 l - 4 scrolls of remove curse {unknown}
 s - 3 scrolls of enchant weapon {unknown}
 v - 3 scrolls of blinking {unknown}
 w - a scroll of immolation {unknown}
Potions
 d - 2 potions of might
 h - a potion of invisibility
 k - 2 potions of stabbing {unknown}
 m - a potion of lignification {unknown}
 n - a potion of resistance {unknown}
 p - 2 potions of curing {unknown}
 r - a potion of degeneration {unknown}
 t - a potion of haste {unknown}
Comestibles
 e - 3 rations {!d}


   Skills:
 - Level 3.2 Fighting
 + Level 7.4 Maces & Flails
 - Level 3.2 Armour
 - Level 3.2 Shields


You had 6 spell levels left.
You didn't know any spells.
Your spell library was empty.

Dungeon Overview and Level Annotations

Branches:
Dungeon (5/15)
 Temple: D:4-7

Altars:


Innate Abilities, Weirdness & Mutations

You are resistant to torment.
Your stone body is resilient. (AC +4)
You are immune to poison.
You resist negative energy. (rN+)
You are resistant to electric shocks. (rElec)
You can survive without breathing.
You are immune to petrification.
You are immune to rotting.


Message History

The adder barely misses you.
There is a stone staircase leading down here.
The adder bites you but does no damage.
You climb downwards.
There is a stone staircase leading up here.
You closely miss the adder. The adder bites you but does no damage.
Unknown command.
You sock the adder!
You kill the adder!
Unknown command.
You see here an adder corpse.
You start resting.
All of the chunks of flesh in your inventory have rotted away.
You are feeling hungry.
You start resting.
You are feeling very hungry.
There is a stone staircase leading up here.
v - a ring of protection from fire (left hand)
i - a ring of protection from fire (left hand)
v - 3 scrolls labeled QEMURRAUCO You climb upwards.
The adder bites you but does no damage.
The worker ant bites you but does no damage.
The frilled lizard unfolds its giant frill.
The adder completely misses you.
There is a stone staircase leading down here.
The worker ant bites you but does no damage.
The adder bites you. You block the ogre's attack.
The worker ant bites you but does no damage.
You climb downwards.
There is a stone staircase leading up here.
You thump the ogre! You block the adder's attack.
The worker ant bites you but does no damage.
The adder barely misses you. The ogre hits you but does no damage.
You hit the ogre.
The worker ant bites you but does no damage.
You block the adder's attack.
You hit the ogre.
The worker ant bites you but does no damage.
The ogre hits you but does no damage. The adder bites you but does no damage.
The worker ant bites you but does no damage.
You closely miss the ogre. The adder closely misses you.
The ogre hits you with a +0 giant club!
The worker ant bites you but does no damage.
You block the adder's attack.
You sock the ogre! The adder bites you but does no damage.
The worker ant barely misses you. The ogre hits you with a +0 giant club!
* * * LOW HITPOINT WARNING * * *
You block the adder's attack. The worker ant closely misses you.
You hit the ogre. The ogre hits you with a +0 giant club!
You die...

###########
#.S@a.....#
#.O.÷.....#
#.######..#
#. # . ..
.# ##


You could see an ogre, a worker ant and an adder.

Vanquished Creatures
  2 ogres (D:4)
  An orc priest (D:3)
  A bullfrog skeleton (D:4)
  An iguana (D:4)
  A worker ant (D:3)
  Robin (D:3)
  6 adders
  4 gnolls (D:4)
  2 worms
  2 dart slugs
  3 leopard geckos
  6 orcs
  A giant cockroach (D:1)
  5 hobgoblins
  4 jackals
  2 quokkas
  7 bats
  4 frilled lizards
  11 goblins
  7 kobolds
  8 rats
79 creatures vanquished.

Notes
Turn   | Place    | Note
-------+----------+-------------------------------------------
     0 | D:1      | MrTaco21 the Gargoyle Fighter began the quest for the Orb.
     0 | D:1      | Reached XP level 1. HP: 14/14 MP: 1/1
   113 | D:1      | Reached XP level 2. HP: 19/19 MP: 2/2
   408 | D:1      | Reached skill level 3 in Maces & Flails
   523 | D:2      | Reached XP level 3. HP: 8/23 MP: 3/3
  1147 | D:3      | Reached skill level 4 in Maces & Flails
  1191 | D:3      | Reached XP level 4. HP: 19/28 MP: 4/4
  1634 | D:3      | Reached skill level 5 in Maces & Flails
  1634 | D:3      | Reached XP level 5. HP: 14/32 MP: 5/5
  2103 | D:3      | Noticed Robin
  2123 | D:3      | Killed Robin
  2463 | D:4      | Noticed an ogre
  2475 | D:4      | Killed an ogre
  2475 | D:4      | Reached skill level 6 in Maces & Flails
  2475 | D:4      | Reached XP level 6. HP: 13/37 MP: 6/6
  3271 | D:4      | Reached skill level 7 in Maces & Flails
  3271 | D:4      | Reached XP level 7. HP: 23/41 MP: 7/7
  3468 | D:5      | Entered Level 5 of the Dungeon
  3723 | D:5      | Slain by an ogre

Levels and vault maps discovered:
D:1:      dpeg_arrival_tiny_h, layout_basic
D:2:      layout_rooms, minivault_11
D:3:      layout_basic, minmay_fractal_squares_5, uniq_robin
D:4:      layout_basic
D:5:      layout_gridville, first_ration, ebering_ghost_disaster_area,
          serial_shops, shop

Skill      XL: |  1  2  3  4  5  6 |
---------------+-------------------+-----
Maces & Flails | 3 4 5 6 7 |  7.4
Fighting       | |  3.2
Armour         | |  3.2
Shields        | |  3.2

Action                   |  1- 3 |  4- 6 |  7- 9 || total
-------------------------+-------+-------+-------++-------
Melee: Flail             |   139 |   171 |    16 ||   326
  Eat: Chunk             |     1 |     4 |       ||     5
       Ration            |       |     1 |       ||     1
Armor: Scale mail        |    81 |   116 |    34 ||   231
Dodge: Dodged            |    55 |    67 |    14 ||   136
Block: Kite shield       |    94 |    91 |    19 ||   204

Table legend:
 A = Non-vault XP
 B = Vault XP
 C = Vault XP percentage of total XP
 D = Non-vault monster count
 E = Vault monster count
 F = Vault count percentage of total count
                 A         B        C        D         E       F
            +---------+---------+-------+---------+---------+-------
      Total |     585 |      80 |  12.0 |      68 |      11 |  13.9
            +---------+---------+-------+---------+---------+-------
        D:1 |      19 |       0 |   0.0 |      13 |       0 |   0.0
        D:2 |      53 |       0 |   0.0 |      20 |       0 |   0.0
        D:3 |      92 |      80 |  46.5 |      20 |      11 |  35.5
        D:4 |     408 |       0 |   0.0 |      14 |       0 |   0.0
        D:5 |      13 |       0 |   0.0 |       1 |       0 |   0.0
            +---------+---------+-------+---------+---------+-------
